 Dungeon Crawl Stone Soup version 0.29.1-2-gbd0b4ee654 (webtiles) character file.

Game seed: 14258963392425132017

3593 Sabo the Trooper (level 9, -2/67 (69) HPs)
             Began as a Demonspawn Berserker on Nov 21, 2022.
             Was an Elder of Trog.
             Slain by a wight
             ... wielding a +2 scimitar
              (5 damage)
             ... on level 7 of the Dungeon.
             The game lasted 00:45:02 (9640 turns).

Sabo the Trooper (Demonspawn Berserker)             Turns: 9640, Time: 00:45:03

HP:   -2/67 (69)    AC: 14    Str: 23    XL:     9   Next: 85%
MP:   9/9           EV: 12    Int:  8    God:    Trog [****..]
Gold: 335           SH: 10    Dex: 18    Spells: 8/8 levels left

rFire   . . .      SeeInvis .   H - +7 dagger of Valiance {vorpal, rN+}
rCold   . . .      Faith    .   x - +0 kite shield
rNeg    + . .      Spirit   .   w - +0 acid dragon scales
rPois   +          Reflect  .   k - +0 helmet
rElec   .          Harm     .   C - +0 cloak
rCorr   +          Rampage  .   f - +0 pair of gloves
Will    .....                   (no boots)
Stlth   ++........              g - amulet of the acrobat
HPRegen 0.21/turn               o - ring of poison resistance
MPRegen 0.11/turn               a - +6 ring of dexterity

@: lightly drained
A: icy blue scales 2, powered by death 1, demonic touch 2
a: Renounce Religion, Berserk, Trog's Hand, Brothers in Arms


You were on level 7 of the Dungeon.
You worshipped Trog.
Trog was greatly pleased with you.
You visited 1 branch of the dungeon, and saw 7 of its levels.
You also visited: Sewer.

You collected 335 gold pieces.

Inventory:

Hand Weapons
 b - a +3 trident of freezing
 m - a +2 mace of protection
 p - a +6 short sword
 A - a +2 sling of flaming
 H - the +7 dagger of Valiance (weapon) {vorpal, rN+}
   (You found it on level 5 of the Dungeon)

   It inflicts extra damage upon your enemies.
   rN:        It protects you from negative energy.
 M - a +2 shortbow of freezing
Missiles
 i - 73 poisoned darts (quivered)
 s - a curare-tipped dart
Armour
 f - a +0 pair of gloves (worn)
 k - a +0 helmet (worn)
 w - +0 acid dragon scales (worn)
 x - a +0 kite shield (worn)
 C - a +0 cloak (worn)
 E - a +3 leather armour of cold resistance
Jewellery
 a - a +6 ring of dexterity (right hand)
 g - an amulet of the acrobat (around neck)
 l - a ring of see invisible
 o - a ring of poison resistance (left hand)
 v - an amulet of magic regeneration
Wands
 y - a wand of flame (14)
 z - a wand of polymorph (13)
Scrolls
 c - 3 scrolls of teleportation
 e - 2 scrolls of poison
 j - a scroll of silence {unknown}
 r - 2 scrolls of butterflies
 F - a scroll of summoning {unknown}
 G - a scroll of fear
 J - a scroll of blinking
Potions
 d - 2 potions of curing
 h - 4 potions of flight
 n - a potion of might {unknown}
 q - a potion of magic {unknown}
 t - 2 potions of mutation
 u - a potion of haste {unknown}
 B - 2 potions of berserk rage {unknown}
 I - 2 potions of lignification {unknown}


   Skills:
 + Level 6.2 Fighting
 + Level 4.4 Short Blades
 + Level 4.1(5.3) Axes
 + Level 4.7(5.5) Maces & Flails
 + Level 1.8(3.2) Polearms
 + Level 0.2 Throwing
 + Level 5.3 Armour
 + Level 5.0 Dodging
 + Level 2.2 Stealth
 + Level 4.9 Shields


You had 8 spell levels left.
You didn't know any spells.
Your spell library was empty.

Dungeon Overview and Level Annotations

Branches:
Dungeon (7/15)             Temple (0/1) D:5           Sewer (visited)

Altars:
Ashenzari
Cheibriados
Dithmenos
Gozag
Sif Muna
Xom

Shops:
D:3 =?


Innate Abilities, Weirdness & Mutations

You are mostly covered in icy blue scales. (AC +3)
You regenerate a little health from kills.
Your touch may inflict irresistible damage on your foes.


Message History

The wight hits you from afar with a +0 trident.
You partially resist.
You feel drained. The wight hits you with a +2 scimitar! You partially resist.
You feel drained.
Your life force feels restored.
You remove your ring of see invisible.
You block the hornet's attack.
The scorpion stings you but does no damage.
o - a ring of poison resistance (left hand)
The hornet stings you!
You suddenly lose the ability to move!
The wight hits you but does no damage. The wight hits you with a +2 scimitar.
The scorpion stings you but does no damage.
The hornet stings you but does no damage.
The wight hits you but does no damage.
The scorpion stings you but does no damage.
The hornet stings you but does no damage.
The wight hits you but does no damage. The hornet stings you!
* * * LOW HITPOINT WARNING * * *
You feel yourself slow down.
The scorpion stings you but does no damage.
The wight hits you but does no damage. The wight hits you with a +2 scimitar.
* * * LOW HITPOINT WARNING * * *
You partially resist.
You feel drained.
You feel yourself speed up. The hornet stings you.
* * * LOW HITPOINT WARNING * * *
You shrug off the repeated paralysis!
The scorpion stings you but does no damage.
The wight hits you from afar with a +0 trident!
* * * LOW HITPOINT WARNING * * *
You partially resist.
You feel drained.
* * * LOW HITPOINT WARNING * * *
The hornet stings you but does no damage.
The wight hits you but does no damage.
You can move again.
You feel better. You block the scorpion's attack.
You block the hornet's attack.
The wight hits you from afar with a +0 trident.
* * * LOW HITPOINT WARNING * * *
The wight hits you with a +2 scimitar.
You die...

........###..#..#^
......#...##.#..#..
.#....#.......#...###
##............#.....#
#.....###...........
##.....##..## ..z.. .
##..........# #J.# ...
#......#....###z###..#
##...####.#....)@sz..#
#....# ####....$yz..#
###..# ##.#..##.....
#### ###### .#.. # .


You could see a hornet, a scorpion, a jelly and 3 wights.

Vanquished Creatures
  An unseen horror (D:7)
  Grinder (D:4)
  A wraith (D:5)
  Eustachio (D:5)
  Menkaure (D:6)
  A sky beast (D:7)
  A black bear (D:6)
  An ogre (D:4)
  An ice beast (D:6)
  A centaur (D:6)
  A phantom (D:5)
  9 kobold brigands
  A gnoll sergeant (D:4)
  3 scorpions
  2 necrophages
  A wight (D:7)
  3 howler monkeys
  A crimson imp (D:3)
  4 hounds
  4 orc priests
  3 jellies
  A gnoll bouda (D:7)
  Ijyb (D:4)
  Jessica (D:3)
  An orc wizard (D:4)
  Natasha (thrice) (D:4)
  5 iguanas
  14 adders
  5 gnolls (D:7)
  3 river rats (Sewer)
  A white imp (D:5)
  3 worms
  3 dart slugs
  31 orcs
  9 endoplasms
  8 giant cockroaches
  14 goblins
  14 hobgoblins
  4 jackals (D:1)
  18 kobolds
  5 quokkas
  7 ball pythons
  7 bats
  3 frilled lizards
  2 goblin skeletons (D:3)
  3 goblin zombies (D:3)
  3 hobgoblin zombies (D:3)
  A kobold skeleton (D:3)
  A kobold zombie (D:3)
  An orc skeleton (D:3)
  2 orc zombies (D:3)
  12 rats
228 creatures vanquished.

Notes
Turn   | Place    | Note
-------+----------+-------------------------------------------
     0 | D:1      | Sabo the Demonspawn Berserker began the quest for the Orb.
     0 | D:1      | Reached XP level 1. HP: 18/18 MP: 1/1
   275 | D:1      | Gained mutation: Your touch may inflict minor irresistible
                  | damage on your foes. [demonic ancestry]
   275 | D:1      | Reached XP level 2. HP: 15/24 MP: 2/2
   893 | D:1      | Reached XP level 3. HP: 26/29 MP: 3/3
   976 | D:1      | Reached ** piety under Trog
  1525 | D:2      | Noticed a golden eye
  1529 | D:2      | Noticed a floating eye
  1531 | D:2      | Found a faded altar of an unknown god.
  1534 | D:2      | Noticed a great orb of eyes
  1534 | D:2      | Noticed a shining eye
  1584 | D:2      | Gained mutation: You regenerate a little health from kills.
                  | [demonic ancestry]
  1584 | D:2      | Reached XP level 4. HP: 32/36 MP: 4/4
  2386 | D:3      | Found Unlievent's Jewellery Boutique.
  2420 | D:3      | Found a glowing drain.
  2424 | Sewer    | Entered a sewer
  2460 | Sewer    | Gained mutation: You are partially covered in icy blue
                  | scales. (AC +2) [demonic ancestry]
  2460 | Sewer    | Reached XP level 5. HP: 42/42 MP: 5/5
  2495 | Sewer    | Reached skill level 1 in Maces & Flails
  2700 | Sewer    | Reached skill level 4 in Fighting
  2700 | Sewer    | Reached XP level 6. HP: 43/48 MP: 6/6
  2788 | Sewer    | Reached *** piety under Trog
  3034 | Sewer    | Gained mutation: You are mostly covered in icy blue scales.
                  | (AC +3) [demonic ancestry]
  3034 | Sewer    | Reached XP level 7. HP: 35/55 MP: 7/7
  3857 | D:3      | Reached skill level 1 in Stealth
  3991 | D:3      | Reached **** piety under Trog
  4279 | D:3      | Found a shimmering altar of Xom.
  4291 | D:3      | Found Xoikageb's Magic Scroll Shoppe.
  4317 | D:3      | Noticed Jessica
  4324 | D:3      | Killed Jessica
  5061 | D:4      | Noticed Natasha
  5070 | D:4      | Killed Natasha
  5071 | D:4      | Gained mutation: Your touch may inflict irresistible damage
                  | on your foes. [demonic ancestry]
  5071 | D:4      | Reached XP level 8. HP: 61/61 MP: 8/8
  5248 | D:4      | Noticed Natasha
  5260 | D:4      | Killed Natasha
  5338 | D:4      | Reached skill level 5 in Fighting
  5709 | D:4      | Found a shadowy altar of Dithmenos.
  5775 | D:4      | Noticed Natasha
  5792 | D:4      | Killed Natasha
  5793 | D:4      | Reached skill level 1 in Short Blades
  5995 | D:4      | Noticed Ijyb
  6006 | D:4      | Killed Ijyb
  6007 | D:4      | Reached skill level 1 in Shields
  6325 | D:4      | Noticed Grinder
  6335 | D:4      | Killed Grinder
  6495 | D:5      | Entered Level 5 of the Dungeon
  6606 | D:5      | Found an opulent altar of Gozag.
  6622 | D:5      | Found a staircase to the Ecumenical Temple.
  6627 | D:5      | Noticed Eustachio
  6657 | D:5      | Killed Eustachio
  6815 | D:5      | Found a broken altar of Ashenzari.
  6841 | D:5      | Reached skill level 5 in Armour
  6841 | D:5      | Reached XP level 9. HP: 40/68 MP: 9/9
  7107 | D:5      | Identified the +7 dagger of Valiance {vorpal, rN+}
  7112 | D:5      | Reached skill level 1 in Polearms
  7452 | D:6      | Noticed Menkaure
  7791 | D:6      | Found a snail-covered altar of Cheibriados.
  7821 | D:6      | Killed Menkaure
  8120 | D:6      | Found a shimmering blue altar of Sif Muna.
  8767 | D:7      | Reached skill level 6 in Fighting
  8983 | D:7      | Noticed an unseen horror
  8991 | D:7      | Killed an unseen horror
  9354 | D:7      | Reached skill level 5 in Dodging
  9636 | D:7      | Paralysed by a hornet for 3 turns
  9639 | D:7      | HP: 3/67 [wight/+0 trident (1)]
  9640 | D:7      | Slain by a wight

Illustrated notes

Levels and vault maps discovered:
D:1:      onia_arrival_mini_spirals, layout_basic, minmay_tetromino_t2
D:2:      layout_basic, hellmonk_ecumenical_altar_watching_god,
          columned_hall_lemuel, minivault_24, guppyfry_early_orc_mine
D:3:      layout_basic, mainiacjoe_overflow_six_doors_small,
          nicolae_tso_besieged_by_evil, gup_sewer_entry_bowl, serial_shops,
          shop_fountains, nicolae_square_shop, uniq_jessica
D:4:      layout_loops_ring, nicolae_dithmenos_the_darkroom,
          mainiacjoe_overflow_alcove_2, minmay_divided_ellipse, uniq_ijyb,
          uniq_natasha, uniq_grinder
D:5:      layout_rooms, mainiacjoe_overflow_boulevard,
          mainiacjoe_overflow_tiny_flanked, temple_fountains, uniq_eustachio
D:6:      layout_rooms, lemuel_doored_altar, kennysheep_mini_moat,
          kennysheep_cross_bottleneck, uniq_menkaure
D:7:      layout_cave_pools

Skill      XL: |  1  2  3  4  5  6  7  8  9 |
---------------+----------------------------+-----
Axes           | 3 4 |  4.1
Armour         | 2 3 4 5 |  5.3
Dodging        | 2 3 5 |  5.0
Maces & Flails | 2 3 4 |  4.7
Fighting       | 4 5 6 |  6.2
Stealth        | 1 2 |  2.2
Short Blades   | 2 4 |  4.4
Shields        | 3 4 |  4.9
Polearms       | 1 |  1.8
Throwing       | |  0.2

Action                   |  1- 3 |  4- 6 |  7- 9 || total
-------------------------+-------+-------+-------++-------
Melee: Hand axe          |   100 |    24 |       ||   124
       Touch             |     7 |    17 |    12 ||    36
       Mace              |       |   148 |   138 ||   286
       Short sword       |       |       |   164 ||   164
       Punch             |       |       |     1 ||     1
       Trident           |       |       |    69 ||    69
       Dagger            |       |       |   213 ||   213
Throw: Dart              |       |       |     4 ||     4
Invok: Berserk           |     1 |       |     9 ||    10
  Use: Scroll            |     2 |       |    12 ||    14
       Potion            |       |     1 |     1 ||     2
Armor: Leather armour    |    10 |       |       ||    10
       Animal skin       |     1 |       |       ||     1
       Scale mail        |    46 |       |       ||    46
       Chain mail        |     3 |    78 |    75 ||   156
       Acid dragon scale |       |       |   237 ||   237
Dodge: Dodged            |    58 |    71 |   346 ||   475
Block: Kite shield       |       |       |   230 ||   230
